 Dungeon Crawl Stone Soup version 0.27-a0-1334-g2746e35aca (webtiles) character file.

Game seed: 7775053563689141348

39375 27snakeeyes612 the Fighter (level 14, -46/132 HPs)
             Began as a Hill Orc Fighter on June 26, 2021.
             Was an Elder of Makhleb.
             Annihilated by a death yak (60 damage)
             ... on level 6 of the Lair of Beasts.
             The game lasted 00:19:48 (21171 turns).

27snakeeyes612 the Fighter (Hill Orc Fighter)      Turns: 21171, Time: 00:19:49

Health: -46/132    AC: 27    Str: 30    XL:     14   Next: 6%
Magic:  19/19      EV:  8    Int:  8    God:    Makhleb [****..]
Gold:   1913       SH:  0    Dex: 13    Spells: 13/13 levels left

rFire    + . .     SeeInvis +   z - +1 demon whip (vamp)
rCold    + + +     Faith    .   c - +1 kite shield
rNeg     . . .     Spirit   .   T - +0 plate armour
rPois    .         Reflect  +   n - +2 helmet {SInv}
rElec    .         Harm     .   t - +1 cloak
rCorr    .         Rampage  .   w - +0 pair of gloves
Will     ++...                  x - +2 pair of boots {Fly}
Stlth    ..........             h - amulet "Zokyng" {Reflect *Corrode rC+++ Will+ Dex+3 SH+5}
HPRegen  0.32/turn              r - ring of protection from fire
MPRegen  0.16/turn              K - +6 ring of strength

@: about to teleport, sleeping, flying
A: no striking features
a: Renounce Religion, Minor Destruction, Lesser Servant of Makhleb, Major
Destruction


You were on level 6 of the Lair of Beasts.
You worshipped Makhleb.
Makhleb was greatly pleased with you.
You visited 3 branches of the dungeon, and saw 19 of its levels.

You collected 2417 gold pieces.
You spent 504 gold pieces at shops.

Inventory:

Hand Weapons
 a - a +0 war axe
 d - a +1 flail of protection
 z - a +1 vampiric demon whip (weapon)
Missiles
 N - 7 curare-tipped darts
 S - 2 atropa-tipped darts
Armour
 b - a +0 scale mail
 c - a +1 kite shield (worn)
 g - a +1 hat
 k - a +0 chain mail
 n - a +2 helmet of see invisible (worn)
 t - a +1 cloak (worn)
 w - a +0 pair of gloves (worn)
 x - a +2 pair of boots of flying (worn)
 T - a +0 plate armour (worn)
Jewellery
 h - the amulet "Zokyng" (around neck) {Reflect *Corrode rC+++ Will+ Dex+3 SH+5}
   (You acquired it on level 5 of the Dungeon)

   [amulet of reflection]

   It reflects blocked missile attacks.
   It affects your dexterity (+3).
   It renders you almost immune to cold.
   It may corrode you when you take damage.
   It affects your SH (+5).
   It increases your willpower.
 j - a ring of willpower
 p - a +6 ring of dexterity
 r - a ring of protection from fire (left hand)
 y - a ring of see invisible
 E - a ring of magical power
 K - a +6 ring of strength (right hand)
 L - a ring of ice
Wands
 H - a wand of iceblast (26) (quivered)
 J - a wand of acid (6)
 P - a wand of digging (8)
 U - a wand of flame (15)
 V - a wand of polymorph (5)
 W - a wand of charming (6)
Scrolls
 e - 9 scrolls of teleportation
 s - 4 scrolls of amnesia
 u - 5 scrolls of identify
 G - 2 scrolls of magic mapping
 I - a scroll of fog
 O - 2 scrolls of fear
 R - a scroll of brand weapon {unknown}
 X - a scroll of silence
Potions
 f - a potion of invisibility
 i - a potion of cancellation
 l - 6 potions of curing
 m - a potion of haste
 q - 2 potions of ambrosia
 v - a potion of attraction
 A - a potion of magic
 B - 3 potions of lignification
 C - 2 potions of flight
 D - a potion of might
 F - 3 potions of degeneration
 M - a potion of mutation
 Q - 2 potions of berserk rage


   Skills:
 + Level 14.0 Fighting
 - Level 8.2(11.5) Axes
 + Level 11.0(11.7) Maces & Flails
 + Level 12.9 Armour
 - Level 0.1 Dodging
 + Level 13.0 Shields
 - Level 6.8 Invocations


You had 13 spell levels left.
You didn't know any spells.
Your spell library contained the following spells:

 Spells                   Type           Power      Damage    Failure   Level
 Corona                   Hex            0%         N/A       98%         1
 Magic Dart               Conj           0%         1d3       98%         1
 Sandblast                Erth           0%         2d4       98%         1
 Summon Small Mammal      Summ           0%         N/A       98%         1
 Blink                    Tloc           N/A        N/A       99%         2
 Call Imp                 Summ           0%         N/A       99%         2
 Ensorcelled Hibernation  Hex/Ice        0%         N/A       99%         2
 Passwall                 Tmut/Erth      0%         N/A       99%         2
 Poisonous Vapours        Pois/Air       0%         N/A       99%         2
 Slow                     Hex            0%         N/A       99%         2
 Call Canine Familiar     Summ           0%         N/A       100%        3
 Confusing Touch          Hex            0%         N/A       100%        3
 Conjure Flame            Conj/Fire      0%         6-21      100%        3
 Dazzling Flash           Conj/Hex       0%         N/A       100%        3
 Gell's Gravitas          Tloc           0%         N/A       100%        3
 Mephitic Cloud           Conj/Pois/Air  0%         N/A       100%        3
 Stone Arrow              Conj/Erth      0%         3d7       100%        3
 Summon Guardian Golem    Hex/Summ       0%         N/A       100%        3
 Tukima's Dance           Hex            0%         N/A       100%        3
 Petrify                  Tmut/Erth      0%         N/A       100%        4
 Summon Ice Beast         Ice/Summ       0%         N/A       100%        4
 Summon Lightning Spire   Summ/Air       0%         N/A       100%        4
 Freezing Cloud           Conj/Ice/Air   0%         6-21      100%        5
 Lee's Rapid Deconstruct  Erth           0%         3d5*      100%        5
 Metabolic Englaciation   Hex/Ice        0%         N/A       100%        5
 Yara's Violent Unravell  Hex/Tmut       0%         3d3       100%        5


Dungeon Overview and Level Annotations

Branches:
Dungeon (12/15)            Temple (1/1) D:6            Lair (6/6) D:10
  Swamp (0/4) Lair:2        Snake (0/4) Lair:4        Slime (0/5) Lair:5
    Orc (0/2) D:9

Altars:
Ashenzari
Cheibriados
Dithmenos
Elyvilon
Fedhas
Gozag
Hepliaklqana
Kikubaaqudgha
Makhleb
Nemelex Xobeh
Okawaru
Qazlal
Ru
Sif Muna
Trog
Uskayaw
Vehumet
Wu Jian
Xom
Yredelemnul
Zin
The Shining One

Shops:
D:8 *

Annotations:
D:12 3 runed translucent doors, philipeq's ghost, novice DsFi
Lair:4 exclusion: downstairs
Lair:5 exclusion: 4 oklob plants


Message History

The death yak gores you!
* * * LOW HITPOINT WARNING * * *
The dream sheep bites you but does no damage.
The dream sheep barely misses you.
You turn to flesh and can move again.
Blink to where?
Press: ? - help, Dir - move target
As you read the scroll of blinking, it crumbles to dust.
A komodo dragon, a water moccasin, a cane toad and a fire crab come into view.
You stumble into a teleport trap!
You are suddenly yanked towards some nearby monsters!
Your surroundings suddenly seem different.
A yak comes into view.
The yak bellows!
A yak comes into view.
The yak bellows!
A yak comes into view.
The yak bellows!
A yak comes into view.
The yak bellows!
A yak comes into view.
You block the yak's attack.
A yak comes into view.
The water moccasin moves out of view.
The cane toad moves out of view.
The fire crab moves out of view.
The komodo dragon moves out of view.
Found a purple potion and a rapier.
As you read the scroll of teleportation, it crumbles to dust.
You feel strangely unstable. You block the yak's attack. x2
Your surroundings suddenly seem different.
The dream sheep bleats!
The cane toad gives a loud, deep croak!
The death yak bellows! x2
The dream sheep ruffle their wool and motes of dream dust sparkle, to no effect.
Found a potion of curing.
As you read the scroll of teleportation, it crumbles to dust.
You feel strangely unstable.
The death yak bellows!
The dream sheep are wreathed in dream dust.
You feel drowsy...
You fall asleep.
The death yak gores you!!!
You die...

.....F.........
##...................
#....................
#....................
#......F..........S..
#............!......
##.................l.
#P...............t...
#......@.......PP##P.
#......Y.....P....#
#...........##....#
#P....YYY...###....#
##...Y.Y...... #...#
##....Y........ #...#
#....YY.Y...... #..#
#..............
##........###.


You could see 6 death yaks, a cane toad and 4 dream sheep.

Vanquished Creatures
  5 hydras
  2 boulder beetles (D:12)
  Erica (D:11)
  2 skeletal warriors
  5 deep elf pyromancers
  4 deep elf zephyrmancers (D:11)
  An ugly thing (D:12)
  A manticore (D:9)
  10 elephants (Lair:5)
  2 black mambas
  Joseph (D:7)
  A torpor snail (Lair:2)
  An unseen horror (D:12)
  9 cane toads
  5 rime drakes
  12 komodo dragons
  A kobold demonologist (D:11)
  2 tyrant leeches
  2 polar bears
  3 blink frogs (Lair:2)
  A meliai zombie (D:11)
  3 shadows
  A wraith (D:10)
  24 yaks
  3 wyverns
  A vampire (D:11)
  2 basilisks (Lair:5)
  3 steam dragons
  6 vampire mosquitoes
  4 swamp worms
  A naga (Lair:4)
  An acid dragon (D:12)
  10 water moccasins
  6 orc warriors
  4 black bears
  2 ice beasts
  3 sky beasts
  6 wolves (Lair:4)
  7 centaurs
  A kobold brigand (D:10)
  14 bullfrogs
  2 gnoll sergeants
  3 scorpions
  A wyvern skeleton (D:6)
  6 killer bees (D:7)
  2 electric eels
  3 howler monkeys
  4 centaur zombies
  8 orc priests
  7 hounds
  3 bullfrog skeletons
  A jelly (D:6)
  2 centaur skeletons
  Jessica (D:2)
  3 iguanas
  6 orc wizards
  Natasha (D:4)
  A killer bee zombie (D:7)
  A howler monkey zombie (D:10)
  10 gnolls
  13 adders
  A white imp (D:6)
  2 ufetubi
  A worm (D:7)
  2 dart slugs
  38 orcs
  6 bats
  5 endoplasms
  6 giant cockroaches
  5 goblins
  7 hobgoblins
  12 jackals
  3 quokkas
  7 ball pythons
  2 frilled lizards
  19 kobolds
  5 rats
372 creatures vanquished.

Vanquished Creatures (collateral kills)
  2 skeletal warriors
2 creatures vanquished.

Vanquished Creatures (others)
  A kobold (D:11)
  80 fungi
  69 plants
150 creatures vanquished.

Grand Total: 524 creatures vanquished

Notes
Turn   | Place    | Note
-------+----------+-------------------------------------------
     0 | D:1      | 27snakeeyes612 the Hill Orc Fighter began the quest for the
                  | Orb.
     0 | D:1      | Reached XP level 1. HP: 19/19 MP: 1/1
   185 | D:1      | Found a faded altar of an unknown god.
   187 | D:1      | Noticed an eye of devastation
   195 | D:1      | Reached XP level 2. HP: 22/27 MP: 2/2
   250 | D:1      | Noticed a floating eye
   250 | D:1      | Noticed a floating eye
   250 | D:1      | Noticed a golden eye
   902 | D:1      | Reached XP level 3. HP: 30/33 MP: 3/3
  1029 | D:2      | Noticed Jessica
  1042 | D:2      | Killed Jessica
  1043 | D:2      | Reached skill level 4 in Fighting
  1298 | D:2      | Reached XP level 4. HP: 40/40 MP: 4/4
  2069 | D:3      | Reached XP level 5. HP: 42/47 MP: 5/5
  2538 | D:3      | Reached XP level 6. HP: 53/55 MP: 6/6
  2643 | D:3      | Reached skill level 5 in Fighting
  2978 | D:4      | Found a shimmering altar of Xom.
  3098 | D:4      | Reached skill level 5 in Axes
  3675 | D:4      | Reached skill level 5 in Shields
  3748 | D:4      | Noticed Natasha
  3750 | D:4      | Killed Natasha
  3830 | D:4      | Reached skill level 5 in Armour
  4083 | D:5      | Entered Level 5 of the Dungeon
  4088 | D:5      | Identified a scroll of acquirement
  4088 | D:5      | Acquired the amulet "Zokyng" {Reflect *Corrode rC+++ Will+
                  | Dex+3 SH+5}
  4100 | D:5      | Reached XP level 7. HP: 61/61 MP: 7/7
  4160 | D:4      | Reached skill level 6 in Fighting
  4382 | D:5      | Reached XP level 8. HP: 71/71 MP: 8/8
  5835 | D:6      | Reached skill level 7 in Fighting
  6049 | D:6      | Acquired a +2 helmet of see invisible
  6050 | D:6      | Acquired 267 gold pieces
  6051 | D:6      | Acquired 889 gold pieces
  6417 | D:6      | Found an ornate altar of the Wu Jian Council.
  6555 | D:6      | Found a staircase to the Ecumenical Temple.
  6661 | Temple   | Entered the Ecumenical Temple
  6918 | Temple   | Became a worshipper of Makhleb the Destroyer
  7081 | D:7      | Reached XP level 9. HP: 79/79 MP: 9/9
  7206 | D:7      | Noticed a six-headed hydra
  7396 | D:8      | Found Zomiufi's Assorted Antiques.
  7402 | D:8      | Reached skill level 8 in Fighting
  7477 | D:8      | Bought a glowing demon whip for 504 gold pieces
  7989 | D:9      | Reached skill level 1 in Maces & Flails
  8004 | D:9      | Found a staircase to the Orcish Mines.
  8013 | D:9      | Reached * piety under Makhleb
  8296 | D:9      | Noticed a manticore
  8312 | D:9      | Killed a manticore
  8442 | D:9      | Acquired a +0 pair of boots of flying
  8721 | D:9      | Reached skill level 9 in Fighting
  8721 | D:9      | Reached XP level 10. HP: 91/91 MP: 10/10
  8752 | D:9      | Found a shadowy altar of Dithmenos.
  9043 | D:10     | Entered Level 10 of the Dungeon
  9265 | D:10     | Reached ** piety under Makhleb
  9502 | D:10     | Found a white marble altar of Elyvilon.
  9538 | D:10     | You are sucked into a shaft and drop 2 floors!
  9729 | D:11     | Reached skill level 5 in Maces & Flails
  9827 | D:11     | Noticed a kobold demonologist
  9829 | D:11     | Noticed a deep elf zephyrmancer
  9831 | D:11     | Noticed a deep elf zephyrmancer
  9833 | D:11     | Noticed a deep elf pyromancer
  9835 | D:11     | Noticed a sun demon
  9837 | D:11     | Noticed a deep elf zephyrmancer
  9846 | D:11     | Noticed a rust devil
 10029 | D:11     | Killed a kobold demonologist
 10030 | D:11     | Reached skill level 1 in Invocations
 10043 | D:12     | Noticed a boulder beetle
 10341 | D:11     | Reached skill level 10 in Fighting
 10440 | D:11     | Noticed Erica
 10449 | D:11     | Killed Erica
 10877 | D:11     | Noticed a deep elf pyromancer
 10985 | D:11     | Killed a deep elf zephyrmancer
 10986 | D:11     | Reached XP level 11. HP: 83/101 MP: 13/13
 11013 | D:11     | Killed a deep elf pyromancer
 11390 | D:11     | Noticed a deep elf pyromancer
 11400 | D:11     | Killed a deep elf pyromancer
 11411 | D:11     | Killed a deep elf zephyrmancer
 11431 | D:11     | Noticed a deep elf pyromancer
 11431 | D:11     | Noticed a deep elf pyromancer
 11637 | D:10     | Killed a deep elf pyromancer
 11652 | D:10     | Killed a deep elf pyromancer
 11729 | D:10     | Killed a deep elf pyromancer
 11730 | D:10     | Reached skill level 10 in Armour
 11730 | D:10     | Reached skill level 10 in Shields
 11730 | D:10     | Reached skill level 5 in Invocations
 11751 | D:11     | Noticed a deep elf zephyrmancer
 11762 | D:11     | Killed a deep elf zephyrmancer
 12276 | D:11     | Killed a deep elf zephyrmancer
 12564 | D:10     | Reached skill level 11 in Fighting
 12598 | D:10     | Found a staircase to the Lair.
 12684 | D:10     | Reached *** piety under Makhleb
 12725 | D:10     | Found a blossoming altar of Fedhas.
 12886 | D:10     | Found a basalt altar of Yredelemnul.
 13061 | D:7      | HP: 5/102 [six-headed hydra (7)]
 13066 | D:7      | Killed a six-headed hydra
 13364 | D:7      | Noticed Joseph
 13376 | D:7      | Killed Joseph
 13377 | D:7      | Reached XP level 12. HP: 110/110 MP: 16/16
 13684 | D:7      | Found a shimmering blue altar of Sif Muna.
 13731 | D:7      | Found a snail-covered altar of Cheibriados.
 15173 | D:12     | Killed a boulder beetle
 15295 | D:12     | Reached skill level 12 in Fighting
 15481 | D:12     | Noticed a boulder beetle
 15504 | D:12     | Killed a boulder beetle
 15778 | D:12     | Found a runed translucent gate.
 15778 | D:12     | Found a runed translucent gate.
 15778 | D:12     | Found a runed translucent gate.
 15781 | D:12     | Noticed philipeq's ghost (novice DsFi)
 15888 | Lair:1   | Entered Level 1 of the Lair of Beasts
 16934 | Lair:2   | Noticed a four-headed hydra
 16941 | Lair:2   | Killed a four-headed hydra
 17030 | Lair:2   | Reached XP level 13. HP: 115/119 MP: 18/18
 17412 | Lair:2   | Reached **** piety under Makhleb
 17730 | Lair:2   | Found a staircase to the Swamp.
 18043 | Lair:3   | Reached skill level 13 in Fighting
 18400 | Lair:3   | Reached skill level 10 in Maces & Flails
 19373 | Lair:4   | Found a staircase to the Snake Pit.
 19648 | Lair:4   | Found a shimmering altar of Xom.
 20482 | Lair:5   | Reached XP level 14. HP: 105/130 MP: 19/19
 20655 | Lair:5   | Found a staircase to the Slime Pits.
 21102 | Lair:6   | Entered Level 6 of the Lair of Beasts
 21114 | Lair:6   | Reached skill level 14 in Fighting
 21171 | Lair:6   | Annihilated by a death yak

Illustrated notes

Levels and vault maps discovered:
D:1:      minmay_arrival_hallway, layout_loops_ring,
          hellmonk_ecumenical_altar_watching_god, kennysheep_small_spiral,
          minmay_tetromino_i4
D:2:      layout_loops_ring, patterned_corridor, uniq_jessica
D:3:      layout_rooms
D:4:      layout_basic, brannock_xom_greatest_gift, uniq_natasha
D:5:      layout_rooms, kennysheep_path_1, guppyfry_early_orc_mine
D:6:      layout_loops_ring, pdpol_wu_jian_five_deadly_venoms,
          lemuel_temple_firewalk_b
D:7:      layout_cave_pods, cheibrodos_worm_habitat, led_sif_pool, uniq_joseph
D:8:      layout_loops_cross, serial_shops,
          nicolae_shop_competitors_out_of_business
D:9:      layout_rooms, old_standard_altar, hiddenorc2_lemuel, st_stairs_8,
          hangedman_decor_clover_reticule, kennysheep_another_room,
          nicolae_water_bricks
D:10:     layout_roguey, fedhas_altar_2, kennysheep_ying_yang,
          due_lair_maze_entry_diamond
D:11:     layout_basic, elves_outpost_lemuel, uniq_erica
D:12:     layout_stronghold, gammafunk_ghost_nasty_kobolds
Temple:   minmay_temple_curvy_branch
Lair:1:   layout_chaotic_city, worms_lemuel
Lair:2:   layout_misc_corridors, minmay_swamp_entry_worms,
          grunt_forest_stairs_basic, lemuel_fruit_tree
Lair:3:   layout_cave_pods, grunt_megastairs_4
Lair:4:   layout_hall_layers, guppyfry_snake_entry_garden, basic_altar,
          beast_lair_carwin_11
Lair:5:   layout_concentric_octagons, minmay_slime_entry_oklob_enclosed,
          serial_bayou_pond_b, minmay_lair_oklob_bushes
Lair:6:   hangedman_lair_tendril_chambers, layout_regular_city,
          guppyfry_lair_end_dragon, serial_bayou_shore_a,
          infiniplex_staircase_pool

Skill      XL: |  1  2  3  4  5  6  7  8  9 10 11 12 13 14 |
---------------+-------------------------------------------+-----
Axes           | 3 4 5 6 7 8 |  8.2
Fighting       | 4 5 6 7 9 10 11 12 13 14 | 14.0
Shields        | 4 5 6 8 9 10 11 12 13 | 13.0
Armour         | 4 5 6 8 9 10 11 12 | 12.9
Maces & Flails | 3 5 7 9 10 11 | 11.0
Invocations    | 3 6 |  6.8
Dodging        | |  0.1

Action                   |  1- 3 |  4- 6 |  7- 9 | 10-12 | 13-15 || total
-------------------------+-------+-------+-------+-------+-------++-------
Melee: War axe           |    79 |   210 |   208 |       |       ||   497
       Demon whip        |       |       |   191 |   842 |   620 ||  1653
Invok: Minor Destruction |       |       |       |     1 |       ||     1
       Lesser Servant of |       |       |       |     4 |       ||     4
Evoke: Wand              |       |       |       |     6 |       ||     6
  Use: Scroll            |     1 |     5 |    12 |    11 |    10 ||    39
       Potion            |       |       |     3 |     4 |       ||     7
Armor: Scale mail        |    38 |     6 |       |       |       ||    44
       Chain mail        |       |   173 |   147 |   303 |    22 ||   645
       Plate armour      |       |       |       |       |   200 ||   200
Dodge: Dodged            |    23 |    58 |    59 |   157 |   115 ||   412
Block: Kite shield       |    29 |   156 |   390 |   714 |   498 ||  1787
       Reflection        |       |       |     8 |    15 |     1 ||    24

Table legend: (Time is in decaauts)
 A = Elapsed time spent in this place.
 B = Non-inter-level travel time spent in this place.
 C = Inter-level travel time spent in this place.
 D = Time resting spent in this place.
 E = Time spent auto-exploring this place.
 F = Levels seen in this place.
 G = Mean time per level.
                   A        B        C        D        E       F      G
               +--------+--------+--------+--------+--------+-----+--------+
         Total |  20987 |  20014 |    973 |   3551 |  13016 |  19 | 1104.6 |
       Dungeon |  15804 |  15153 |    651 |   2980 |   9574 |  12 | 1317.0 |
        Temple |    279 |    224 |     55 |      0 |    222 |   1 |  279.0 |
          Lair |   4903 |   4637 |    266 |    570 |   3220 |   6 |  817.2 |
               +--------+--------+--------+--------+--------+-----+--------+

Top non-repeatable levels by time:
    D:11: 2581 daAuts
     D:4: 1907 daAuts
    D:12: 1725 daAuts
    D:10: 1474 daAuts
     D:2: 1274 daAuts
     D:9: 1184 daAuts
  Lair:3: 1135 daAuts
     D:7: 1130 daAuts
     D:1: 999 daAuts
     D:3: 986 daAuts
  Lair:2: 972 daAuts
  Lair:5: 964 daAuts
  Lair:1: 918 daAuts
     D:6: 911 daAuts
  Lair:4: 849 daAuts
